[Event "Estonian Chess Championship 2022"]
[Site "Tallinn, Paul Keres Chess House, Estonia"]
[Date "2022.12.15"]
[Round "6.2"]
[White "Medar, Marti"]
[Black "Soot, Margus"]
[Result "1-0"]
[TimeControl "90 minutes for first 40 moves and 15 min. for the rest of the game with 30 sec. increment from move 1"]
[WhiteFideId "4501870"]
[BlackFideId "4501160"]
[WhiteElo "2069"]
[BlackElo "2121"]

1. d4 d5 2. Bf4 Nf6 3. e3 c6 4. c3 Bf5 5. Nd2 e6 6. Be2 Be7 7. g4 Bg6 8. h4 h6 9. Nh3 Qb6 10. Qb3 Nbd7 11. f3 Qxb3 12. axb3 c5 13. Bg3 cxd4 14. exd4 Bh7 15. Nf4 Bd6 16. g5 Ng8 17. Kf2 Ne7 18. Nh5 Bxg3+ 19. Kxg3 Nf5+ 20. Kf2 Ke7 21. Rag1 Nf8 22. Bd3 Nxh4 23. gxh6 g5 24. Bxh7 Rxh7 25. Rxg5 Nfg6 26. Nf4 Rxh6 27. Rxg6 Rxg6 28. Rxh4 Rgg8 29. Rh1 Rh8 30. Ra1 a6 31. c4 dxc4 32. bxc4 b5 33. Ra5 bxc4 34. Nxc4 Rhc8 35. b3 Rcb8 36. Ra3 Rb5 37. Nd3 f6 38. f4 a5 39. Ke3 Rh8 40. Nxa5 Rh3+ 41. Kd2 Kd6 42. Kc3 Kd5 43. Nc4 Rb8 44. Ra5+ Ke4 45. Nd6+ Ke3 46. f5 Rd8 47. Nc4 Ke4 48. Nd2+ Ke3 49. Nc4 Ke4 50. Nd2+ Ke3 51. Ra1 Rc8+ 52. Nc4 Ke4 53. Re1+ Kxf5 54. Rf1+ Kg5 55. b4 f5 56. b5 Rd8 57. Nce5 Kf6 58. b6 Rc8+ 59. Kb4 Rh4 60. Nf3 Re4 61. b7 Rb8 62. Nc5 Rxb7+ 63. Nxb7 e5 64. Nc5 1-0

[Event "Estonian Chess Championship 2022"]
[Site "Tallinn, Paul Keres Chess House, Estonia"]
[Date "2022.12.15"]
[Round "6.3"]
[White "Kiik, Kalle"]
[Black "Kulaots, Kaido"]
[Result "0-1"]
[TimeControl "90 minutes for first 40 moves and 15 min. for the rest of the game with 30 sec. increment from move 1"]
[WhiteTitle "IM"]
[BlackTitle "GM"]
[WhiteFideId "4500075"]
[BlackFideId "4500261"]
[WhiteElo "2369"]
[BlackElo "2513"]

1. d4 Nf6 2. Nc3 d5 3. Bf4 c5 4. e4 Nxe4 5. Nxe4 dxe4 6. dxc5 Qa5+ 7. c3 Qxc5 8. Qa4+ Nc6 9. Qxe4 g6 10. Rd1 Bg7 11. Be3 Qa5 12. Bc4 Bf5 13. Qd5 O-O 14. Qxa5 Nxa5 15. Bd5 e6 16. Bf3 Nc4 17. Bc1 Bc2 18. Rd7 Ne5 19. Rd2 Nd3+ 20. Kf1 Bb1 21. Ne2 Rfd8 22. g3 Nxc1 23. Rxd8+ Rxd8 24. Nxc1 Rd2 25. Kg2 Rxb2 26. Rd1 Bxc3 0-1

[Event "Estonian Chess Championship 2022"]
[Site "Tallinn, Paul Keres Chess House, Estonia"]
[Date "2022.12.15"]
[Round "6.4"]
[White "Volodin, Aleksandr"]
[Black "Sirosh, Ilja"]
[Result "1-0"]
[TimeControl "90 minutes for first 40 moves and 15 min. for the rest of the game with 30 sec. increment from move 1"]
[WhiteTitle "GM"]
[BlackTitle "IM"]
[WhiteFideId "4501950"]
[BlackFideId "4500458"]
[WhiteElo "2440"]
[BlackElo "2386"]

1. d4 d5 2. c4 e6 3. Nf3 Nf6 4. g3 Be7 5. Bg2 O-O 6. O-O c6 7. Qc2 b6 8. Nbd2 c5 9. dxc5 bxc5 10. e4 Nc6 11. a3 d4 12. e5 Nd7 13. Ne1 Qc7 14. Nd3 Rb8 15. f4 Rd8 16. Rb1 Nf8 17. Ne4 Na5 18. b3 Bd7 19. Qa2 f5 20. exf6 gxf6 21. f5 exf5 22. Bf4 Qb6 23. Nexc5 Bxc5 24. Bxb8 1-0

[Event "Estonian Chess Championship 2022"]
[Site "Tallinn, Paul Keres Chess House, Estonia"]
[Date "2022.12.15"]
[Round "6.5"]
[White "Seeman, Tarvo"]
[Black "Rychagov, Nikita"]
[Result "1-0"]
[TimeControl "90 minutes for first 40 moves and 15 min. for the rest of the game with 30 sec. increment from move 1"]
[WhiteTitle "IM"]
[WhiteFideId "4500547"]
[BlackFideId "4508394"]
[WhiteElo "2405"]
[BlackElo "2180"]

1. c4 e5 2. g3 Nf6 3. Bg2 d5 4. cxd5 Nxd5 5. Nf3 Nc6 6. O-O Nb6 7. b3 Be6 8. Bb2 f6 9. Nc3 Qd7 10. Rc1 O-O-O 11. Qc2 Kb8 12. Rfd1 Qc8 13. Ne4 Bd5 14. d3 Be7 15. Nc5 Bxc5 16. Qxc5 h5 17. h4 Rhe8 18. e4 Be6 19. d4 Bh3 20. dxe5 Bxg2 21. Rxd8 Qxd8 22. Kxg2 Nd7 23. Qd5 Ndxe5 24. Bxe5 fxe5 25. Qxd8+ Nxd8 26. Ng5 c6 27. f4 Kc7 28. Kf3 b6 29. b4 Ne6 30. Ke3 exf4+ 31. gxf4 Nxg5 32. hxg5 Rh8 33. f5 Kd6 34. Kf4 h4 35. e5+ Ke7 36. Rxc6 h3 37. Rc7+ Kd8 38. Rc1 h2 39. Rh1 Rh4+ 40. Kg3 Re4 41. Rxh2 Rxe5 42. Kf4 Rb5 43. Rh7 Rxb4+ 44. Ke5 Ra4 45. Rxg7 Rxa2 46. g6 Re2+ 47. Kf6 a5 48. Ra7 1-0

[Event "Estonian Chess Championship 2022"]
[Site "Tallinn, Paul Keres Chess House, Estonia"]
[Date "2022.12.16"]
[Round "7.1"]
[White "Rychagov, Nikita"]
[Black "Kanep, Meelis"]
[Result "1/2-1/2"]
[TimeControl "90 minutes for first 40 moves and 15 min. for the rest of the game with 30 sec. increment from move 1"]
[BlackTitle "GM"]
[WhiteFideId "4508394"]
[BlackFideId "4501047"]
[WhiteElo "2180"]
[BlackElo "2412"]

1. e4 g6 2. d4 d6 3. Nc3 c6 4. f4 d5 5. e5 h5 6. Nf3 Bg4 7. Be3 Nh6 8. h3 Nf5 9. Bf2 Bxf3 10. Qxf3 h4 11. Bd3 e6 12. O-O Be7 13. b3 a5 14. Rfd1 Na6 15. a3 Kf8 16. Ne2 Nc7 17. c4 b6 18. Rdc1 Qd7 19. cxd5 Nxd5 20. Be4 Kg7 21. Rc4 Rac8 22. Kh2 Qd8 23. Ra2 Qf8 24. a4 Qe8 25. Rac2 Qd7 26. Rd2 Rb8 27. Rc1 Ba3 28. Ra1 Be7 29. Rc2 Rhc8 30. Nc3 Nb4 1/2-1/2

[Event "Estonian Chess Championship 2022"]
[Site "Tallinn, Paul Keres Chess House, Estonia"]
[Date "2022.12.16"]
[Round "7.2"]
[White "Sirosh, Ilja"]
[Black "Seeman, Tarvo"]
[Result "0-1"]
[TimeControl "90 minutes for first 40 moves and 15 min. for the rest of the game with 30 sec. increment from move 1"]
[WhiteTitle "IM"]
[BlackTitle "IM"]
[WhiteFideId "4500458"]
[BlackFideId "4500547"]
[WhiteElo "2386"]
[BlackElo "2405"]

1. e4 g6 2. d4 Bg7 3. Nf3 d6 4. Be2 Nf6 5. Nc3 O-O 6. O-O Bg4 7. h3 Bxf3 8. Bxf3 Nc6 9. d5 Ne5 10. Be2 c6 11. dxc6 bxc6 12. Be3 a5 13. Qd2 a4 14. a3 Qa5 15. Rab1 Rfd8 16. Rfd1 d5 17. exd5 cxd5 18. Bd4 Ned7 19. f4 e6 20. Qe3 Ne8 21. Bb5 Nd6 22. Bxg7 Nxb5 23. Nxb5 Kxg7 24. Nd4 Rdc8 25. g4 Re8 26. c4 dxc4 27. Nf3 Qc5 28. Qxc5 Nxc5 29. Rdc1 Nd3 30. Rxc4 Reb8 31. Rd4 Rxb2 32. Rxb2 Nxb2 33. Ne5 Ra7 34. g5 f6 35. Ng4 fxg5 36. fxg5 Rc7 37. Nh6 Kf8 38. Rb4 Rc2 39. Ng4 Ke7 40. Rb7+ Kd6 41. Nf6 Ke5 42. Nxh7 Kf4 43. Rf7+ Kg3 44. Nf8 Nc4 45. Rf1 Nd2 46. Nxg6 Nxf1 47. Kxf1 Rc3 48. Ke2 Rxa3 49. Nf8 e5 50. Nd7 Kf4 51. h4 Rh3 52. g6 Rxh4 53. g7 Rg4 54. Nf6 Rxg7 55. Nh5+ Kg4 56. Nxg7 a3 0-1

[Event "Estonian Chess Championship 2022"]
[Site "Tallinn, Paul Keres Chess House, Estonia"]
[Date "2022.12.16"]
[Round "7.3"]
[White "Kulaots, Kaido"]
[Black "Volodin, Aleksandr"]
[Result "1/2-1/2"]
[TimeControl "90 minutes for first 40 moves and 15 min. for the rest of the game with 30 sec. increment from move 1"]
[WhiteTitle "GM"]
[BlackTitle "GM"]
[WhiteFideId "4500261"]
[BlackFideId "4501950"]
[WhiteElo "2513"]
[BlackElo "2440"]

1. e4 c5 2. Nf3 d6 3. d4 cxd4 4. Nxd4 Nf6 5. Nc3 a6 6. Bg5 e6 7. f4 h6 8. Bh4 Nbd7 9. Qf3 e5 10. Nf5 exf4 11. Bxf6 Nxf6 12. Qxf4 Bxf5 13. exf5 Be7 14. O-O-O Rc8 15. h4 d5 16. Qa4+ b5 17. Qxa6 O-O 18. Bxb5 Rxc3 19. bxc3 Ne4 20. Rd3 Qc7 21. Qc6 Ba3+ 22. Kb1 Qxc6 23. Bxc6 Rb8+ 24. Ka1 Bb2+ 25. Kb1 Nd2+ 1/2-1/2

[Event "Estonian Chess Championship 2022"]
[Site "Tallinn, Paul Keres Chess House, Estonia"]
[Date "2022.12.16"]
[Round "7.4"]
[White "Soot, Margus"]
[Black "Kiik, Kalle"]
[Result "1-0"]
[TimeControl "90 minutes for first 40 moves and 15 min. for the rest of the game with 30 sec. increment from move 1"]
[BlackTitle "IM"]
[WhiteFideId "4501160"]
[BlackFideId "4500075"]
[WhiteElo "2121"]
[BlackElo "2369"]

1. c4 e5 2. Nc3 Nf6 3. g3 Bb4 4. Bg2 O-O 5. Qb3 a5 6. a3 Bc5 7. e3 Re8 8. d3 Nc6 9. Nge2 d6 10. O-O Bd7 11. Qc2 Qc8 12. b3 Bh3 13. Bb2 Ne7 14. d4 exd4 15. exd4 Bb6 16. Bxh3 Qxh3 17. Nf4 Qh6 18. Rad1 g5 19. Ng2 Qh3 20. Ne3 c6 21. Ne4 Nxe4 22. Qxe4 d5 23. Qf3 f5 24. Rfe1 Rad8 25. cxd5 f4 26. Ng4 Nxd5 27. Re5 Rxe5 28. dxe5 h5 29. Nf6+ Nxf6 30. Rxd8+ Bxd8 31. exf6 Qf5 32. Qxh5 Qb1+ 33. Kg2 Qe4+ 34. f3 1-0

[Event "Estonian Chess Championship 2022"]
[Site "Tallinn, Paul Keres Chess House, Estonia"]
[Date "2022.12.16"]
[Round "7.5"]
[White "Timoshin, Andrei"]
[Black "Medar, Marti"]
[Result "1-0"]
[TimeControl "90 minutes for first 40 moves and 15 min. for the rest of the game with 30 sec. increment from move 1"]
[WhiteFideId "4503503"]
[BlackFideId "4501870"]
[WhiteElo "2179"]
[BlackElo "2069"]

1. e4 d6 2. d4 Nf6 3. Nc3 Nbd7 4. g4 h6 5. h3 e5 6. Nge2 c6 7. a4 Be7 8. Bg2 Qc7 9. Be3 Nf8 10. O-O g5 11. Ng3 Ng6 12. Nf5 Bxf5 13. exf5 Nf4 14. Bxf4 exf4 15. d5 c5 16. Re1 Kf8 17. Nb5 Qd7 18. Qe2 Bd8 19. Na3 h5 20. Nc4 hxg4 21. hxg4 Rh4 22. Bf3 Bc7 23. Qd1 Kg7 24. Nd2 Rah8 25. Ne4 Nxe4 26. Rxe4 Bd8 27. Qe2 Bf6 28. c3 Qd8 29. Re1 Be5 30. Rxe5 dxe5 31. Qxe5+ Qf6 32. Qc7 Qh6 33. Qe5+ Qf6 34. Qe7 Qh6 35. Kf1 Qa6+ 36. Re2 Rh3 37. Qxg5+ Kh7 38. f6 Rg8 39. Qxf4 Re8 40. Ke1 Rxe2+ 41. Bxe2 Qb6 42. Qg5 1-0

[Event "Estonian Chess Championship 2022"]
[Site "Tallinn, Paul Keres Chess House, Estonia"]
[Date "2022.12.17"]
[Round "8.1"]
[White "Kanep, Meelis"]
[Black "Medar, Marti"]
[Result "1-0"]
[TimeControl "90 minutes for first 40 moves and 15 min. for the rest of the game with 30 sec. increment from move 1"]
[WhiteTitle "GM"]
[WhiteFideId "4501047"]
[BlackFideId "4501870"]
[WhiteElo "2412"]
[BlackElo "2069"]

1. d4 d6 2. e4 Nf6 3. Bd3 e5 4. c3 c6 5. Ne2 Be7 6. O-O Nbd7 7. f4 Nf8 8. h3 Qc7 9. Na3 b5 10. Nc2 exf4 11. Bxf4 Ng6 12. Bh2 O-O 13. Ng3 Rd8 14. Ne3 Be6 15. Ngf5 Bf8 16. Qf3 Qb6 17. Kh1 d5 18. e5 Ne8 19. Qh5 c5 20. Rf4 Kh8 21. Nh4 Kg8 22. Nhf5 Kh8 23. Rf3 c4 24. Bc2 b4 25. Raf1 bxc3 26. Nh4 Be7 27. Bxg6 h6 28. Bxf7 Bxh4 29. Bxe6 Qxe6 30. Qxh4 cxb2 31. Qf2 Rab8 32. Rf8+ Kh7 33. Qc2+ g6 34. R8f7+ Ng7 35. R7f6 Qe8 36. e6 Rb7 37. Rb1 Nxe6 38. Rxb2 Re7 39. Be5 Ng5 40. Nxd5 Rxd5 41. Rb8 Rdxe5 42. Rxe8 Re1+ 43. Kh2 Rxe8 44. Qxg6+ Kh8 45. Qxh6+ 1-0

[Event "Estonian Chess Championship 2022"]
[Site "Tallinn, Paul Keres Chess House, Estonia"]
[Date "2022.12.17"]
[Round "8.2"]
[White "Kiik, Kalle"]
[Black "Timoshin, Andrei"]
[Result "1/2-1/2"]
[TimeControl "90 minutes for first 40 moves and 15 min. for the rest of the game with 30 sec. increment from move 1"]
[WhiteTitle "IM"]
[WhiteFideId "4500075"]
[BlackFideId "4503503"]
[WhiteElo "2369"]
[BlackElo "2179"]

1. c4 c5 2. Nf3 Nc6 3. Nc3 g6 4. e3 d6 5. h3 Bg7 6. d4 e5 7. dxc5 dxc5 8. Qxd8+ Nxd8 9. g4 Ne7 10. Ng5 O-O 11. Nge4 f5 12. gxf5 gxf5 13. Nxc5 b6 14. Nd3 Be6 15. Nb4 Ndc6 16. Nbd5 Rac8 17. Bd2 Rfd8 18. Nxe7+ Nxe7 19. b3 e4 20. Rc1 Ng6 21. Be2 Rd7 22. Rg1 Rcd8 23. Nd5 Kh8 24. Bc3 Bxd5 25. Bxg7+ Kxg7 26. cxd5 Rxd5 27. Rc7+ R8d7 28. Rxd7+ Rxd7 29. f4 exf3 30. Bxf3 Kf6 31. Ke2 f4 32. Be4 Re7 33. Kf3 fxe3 34. Kxe3 Rc7 35. Rf1+ Ke6 36. Rf2 Rc1 37. Bd3 Rh1 38. Kd4 Rd1 39. Kc3 a5 40. Bc4+ Ke5 41. Rf7 Rh1 42. Rxh7 Nf4 43. h4 Rh2 44. a4 Rh3+ 45. Kb2 Kd4 46. Rh6 Rh2+ 47. Ka3 Rh1 48. Bb5 Nd5 49. Rd6 Rxh4 50. Bc4 Rh5 51. Bxd5 Rxd5 52. Rxb6 Rh5 53. Rc6 Rg5 54. Rc4+ Kd5 55. Rc3 Kd4 56. Rc8 Rh5 57. Rc4+ Kd5 58. Rg4 Kc5 59. Rg6 Rf5 60. Rh6 Kd4 1/2-1/2

[Event "Estonian Chess Championship 2022"]
[Site "Tallinn, Paul Keres Chess House, Estonia"]
[Date "2022.12.17"]
[Round "8.3"]
[White "Volodin, Aleksandr"]
[Black "Soot, Margus"]
[Result "1-0"]
[TimeControl "90 minutes for first 40 moves and 15 min. for the rest of the game with 30 sec. increment from move 1"]
[WhiteTitle "GM"]
[WhiteFideId "4501950"]
[BlackFideId "4501160"]
[WhiteElo "2440"]
[BlackElo "2121"]

1. d4 d5 2. c4 e6 3. Nf3 Nf6 4. g3 Be7 5. Bg2 O-O 6. O-O b6 7. cxd5 exd5 8. Nc3 Bb7 9. Ne5 Ne4 10. Nxe4 dxe4 11. Qc2 f5 12. Be3 Bd5 13. f3 exf3 14. Bxf3 Bxf3 15. Rxf3 g6 16. Rc1 Bd6 17. Bh6 Bxe5 18. Qc4+ Kh8 19. dxe5 c5 20. Rd3 Qe7 21. Bxf8 Qxf8 22. Rd6 Qc8 23. Qf7 Na6 24. Rd7 1-0

[Event "Estonian Chess Championship 2022"]
[Site "Tallinn, Paul Keres Chess House, Estonia"]
[Date "2022.12.17"]
[Round "8.4"]
[White "Seeman, Tarvo"]
[Black "Kulaots, Kaido"]
[Result "1/2-1/2"]
[TimeControl "90 minutes for first 40 moves and 15 min. for the rest of the game with 30 sec. increment from move 1"]
[WhiteTitle "IM"]
[BlackTitle "GM"]
[WhiteFideId "4500547"]
[BlackFideId "4500261"]
[WhiteElo "2405"]
[BlackElo "2513"]

1. c4 g6 2. g3 Bg7 3. Bg2 d6 4. Nc3 e5 5. Nf3 Nf6 6. d4 Nbd7 7. O-O O-O 8. e4 c6 9. b3 exd4 10. Nxd4 Nc5 11. h3 Re8 12. Re1 h6 13. Rb1 a5 14. Bb2 Qb6 15. Ba1 h5 16. a3 Nfd7 17. Nde2 Ne5 18. Nf4 Qd8 19. Qc2 h4 20. g4 Qf6 21. Nce2 a4 22. b4 Nb3 23. Bb2 Bh6 24. Nd3 Nd2 25. f4 Ndf3+ 26. Kf2 Nxe1 27. Kxe1 Nxd3+ 28. Qxd3 Qe7 29. Qd4 f6 30. Qxf6 Qxf6 31. Bxf6 Be6 32. Rc1 Bg7 33. Bxg7 Kxg7 34. Kf2 g5 35. fxg5 Kg6 36. Nd4 Kxg5 37. Nf3+ Kf4 38. Nxh4 b5 39. c5 Rad8 40. cxd6 Rxd6 41. Ng6+ Kg5 42. Ne5 Kf6 43. Nf3 Rd3 44. Rxc6 Rxa3 45. Rb6 Rb3 46. Rxb5 a3 47. Ra5 a2 48. Nd4 Rb2+ 49. Kg3 Bc4 50. g5+ Kf7 51. Nf5 Rd8 52. Bf3 Rb1 53. Ra7+ Kg8 54. Ne7+ Kf8 55. Ng6+ Kg8 56. Ne7+ Kf8 57. Ng6+ Ke8 58. Ne5 Kf8 1/2-1/2

[Event "Estonian Chess Championship 2022"]
[Site "Tallinn, Paul Keres Chess House, Estonia"]
[Date "2022.12.17"]
[Round "8.5"]
[White "Rychagov, Nikita"]
[Black "Sirosh, Ilja"]
[Result "1/2-1/2"]
[TimeControl "90 minutes for first 40 moves and 15 min. for the rest of the game with 30 sec. increment from move 1"]
[BlackTitle "IM"]
[WhiteFideId "4508394"]
[BlackFideId "4500458"]
[WhiteElo "2180"]
[BlackElo "2386"]

1. e4 c5 2. Nf3 Nc6 3. d4 cxd4 4. Nxd4 Nf6 5. Nc3 e5 6. Ndb5 d6 7. Bg5 a6 8. Na3 b5 9. Nd5 Be7 10. Bxf6 Bxf6 11. c3 Rb8 12. Nc2 Bg5 13. a4 bxa4 14. Ncb4 Nxb4 15. cxb4 O-O 16. Rxa4 a5 17. h4 Bh6 18. b5 Bd7 19. Nc3 d5 20. exd5 f5 21. Be2 Kh8 22. O-O g5 23. hxg5 Qxg5 24. d6 Rg8 25. Qd5 e4 26. g3 Rbe8 27. Kg2 e3 28. Qd4+ Bg7 29. Qh4 Qxh4 30. Rxh4 Bf6 31. Rc4 exf2 32. Rxf2 Be5 33. g4 Bxd6 34. Bf3 Bb4 35. b6 fxg4 36. Bd5 Be6 37. Rc6 Bxd5+ 38. Nxd5 g3 39. Rfc2 Rd8 40. Nf6 Rgf8 41. b7 Rb8 42. Nd7 Rxb7 43. Nxf8 Bxf8 44. Kxg3 Kg7 45. Ra6 Bb4 46. Kf4 Rf7+ 47. Kg5 Rd7 48. Kf5 Rf7+ 49. Ke5 Re7+ 50. Re6 Rxe6+ 51. Kxe6 h5 52. Kf5 h4 53. Kg4 Kf6 54. Re2 Bd6 55. Kxh4 Be5 56. b3 Ke6 57. Re4 Kd5 58. Rc4 Bd4 59. Kg4 Bc5 60. Kf5 Kc6 61. Ke6 Kb5 62. Kd5 Bb6 63. Rg4 Bf2 64. Rg8 Kb4 65. Rb8+ Ka3 66. Kc4 Be1 67. Re8 Bb4 68. Re3 Kb2 69. Kb5 Ka3 70. Rh3 Kb2 71. Ka4 Kc2 72. Rh4 Bc3 73. Ka3 Bb2+ 74. Ka2 Bc3 75. Rc4 Kd3 76. Kb1 Bd4 77. Rc8 Bf6 78. Rf8 Bc3 79. Rf3+ Kd2 80. Rh3 Bb4 81. Kb2 Bf8 82. Rh7 Bb4 83. Rd7 Ke2 84. Kc2 Ke3 85. Rd5 Ke4 86. Rd3 Be1 87. Rh3 Bb4 88. Kd1 Kd4 89. Ke2 Be7 90. Rd3+ Kc5 91. Re3 Bf6 92. Re4 Kb5 93. Kd3 Bb2 94. Re8 Kb4 95. Rb8+ Kc5 96. Kc2 Be5 97. Rc8+ Kb4 98. Rc4+ Kb5 99. Kb1 Bd6 100. Ka2 Bb4 101. Rc8 Kb6 102. Rb8+ Kc7 103. Rb5 Kc6 104. Rh5 Kb6 1/2-1/2

[ePGN "0.1;DGT LiveChess/2.2.5"]

[Event "Estonian Women's Chess Championship 2022"]
[Site "Tallinn, Paul Keres Chess House, Estonia"]
[Date "2022.12.10"]
[Round "1.1"]
[White "Ivanova, Lidia"]
[Black "Haapsal, Maria Ioanna"]
[Result "1-0"]
[TimeControl "90 minutes for first 40 moves and 15 min. for the rest of the game with 30 sec. increment from move 1"]
[WhiteFideId "4506480"]
[BlackFideId "4512286"]
[WhiteElo "1482"]
[BlackElo "1386"]

1. e4 c5 2. f4 e6 3. Nf3 Nc6 4. Bb5 Nge7 5. O-O a6 6. Bxc6 Nxc6 7. Kh1 g6 8. d4 cxd4 9. Nxd4 d5 10. exd5 Qxd5 11. Nxc6 bxc6 12. Nc3 Qd7 13. Ne4 Be7 14. Be3 Qxd1 15. Raxd1 O-O 16. Bc5 Re8 17. Bxe7 Rxe7 18. Nc5 e5 19. Rd8+ Kg7 20. Re1 f6 21. Rd6 Bf5 22. Rxc6 e4 23. h3 h5 24. Nxa6 e3 25. Nb4 Rd8 26. Rc3 e2 27. Nd3 Re3 28. Kg1 h4 29. Kf2 Rde8 30. Rc7+ Kh6 31. Nc1 g5 32. fxg5+ fxg5 33. Rxe2 Rxe2+ 34. Nxe2 g4 35. hxg4 Bxg4 36. Nd4 Rd8 37. Nf3 Rf8 38. Rc3 Rf5 39. a4 Kh5 40. b4 Rf4 41. Rb3 Bd7 42. b5 Rxa4 43. b6 Ra8 44. b7 Rb8 45. Ne5 Ba4 46. Rb4 Be8 47. c4 Kg5 48. c5 Kf6 49. c6 Kxe5 50. c7 Rxb7 51. Rxb7 Bd7 52. Rb8 Kd5 1-0

[Event "Estonian Women's Chess Championship 2022"]
[Site "Tallinn, Paul Keres Chess House, Estonia"]
[Date "2022.12.10"]
[Round "1.2"]
[White "Sinitsina, Anastassia"]
[Black "Levchenko, Marina"]
[Result "1-0"]
[TimeControl "90 minutes for first 40 moves and 15 min. for the rest of the game with 30 sec. increment from move 1"]
[WhiteTitle "WFM"]
[WhiteFideId "4504640"]
[BlackFideId "4508548"]
[WhiteElo "2175"]
[BlackElo "1625"]

1. Nf3 d5 2. g3 c6 3. Bg2 Bg4 4. b3 Nd7 5. Bb2 Ngf6 6. d3 e6 7. Nbd2 Be7 8. O-O O-O 9. h3 Bh5 10. e4 Nb6 11. Qe2 Rc8 12. g4 Bg6 13. Ne5 Nfd7 14. Nxd7 Qxd7 15. f4 f6 16. Nf3 c5 17. c4 Bf7 18. Rfe1 Rfe8 19. e5 d4 20. Bc1 Bd8 21. exf6 gxf6 22. Qf2 Bg6 23. Bf1 Bc7 24. Nh4 Bf7 25. Bg2 Bd6 26. Bd2 Qc7 27. Be4 Kh8 28. Ng2 Bg6 29. Qh4 f5 30. gxf5 Bxf5 31. Bxf5 exf5 32. Qf6+ Qg7 33. Qxd6 Rg8 34. Qe5 Nd7 35. Qxg7+ Rxg7 36. Kh2 Rcg8 37. Re2 Rg3 38. Ne1 R3g7 39. Rg2 Re7 40. Rxg8+ Kxg8 41. Nf3 Re2+ 42. Kg1 1-0

[Event "Estonian Women's Chess Championship 2022"]
[Site "Tallinn, Paul Keres Chess House, Estonia"]
[Date "2022.12.11"]
[Round "2.1"]
[White "Haapsal, Maria Ioanna"]
[Black "Sinitsina, Anastassia"]
[Result "0-1"]
[TimeControl "90 minutes for first 40 moves and 15 min. for the rest of the game with 30 sec. increment from move 1"]
[BlackTitle "WFM"]
[WhiteFideId "4512286"]
[BlackFideId "4504640"]
[WhiteElo "1386"]
[BlackElo "2175"]

1. e4 e5 2. Nf3 Nc6 3. Bb5 a6 4. Bxc6 dxc6 5. O-O Bg4 6. h3 h5 7. d3 Qf6 8. Be3 Bxf3 9. Qxf3 Qxf3 10. gxf3 Bd6 11. Nd2 Ne7 12. Nc4 Ng6 13. Kg2 f5 14. d4 Nh4+ 15. Kh1 exd4 16. Bxd4 Nxf3 17. e5 Be7 18. Bc3 Ng5 19. Kg2 Ne6 20. f4 O-O-O 21. Ne3 Rhf8 22. Kg3 g5 23. Ng2 Rg8 24. Kf3 g4+ 25. hxg4 Rxg4 26. Rh1 Rdg8 27. Rh2 Rg3+ 28. Kf2 Bc5+ 29. Kf1 Rf3+ 30. Ke1 Rf2 31. Rxh5 Rgxg2 32. Rh8+ Nf8 33. Rh1 Rh2 34. Rxh2 Rxh2 35. b3 Ne6 36. b4 Bxb4 0-1

[Event "Estonian Women's Chess Championship 2022"]
[Site "Tallinn, Paul Keres Chess House, Estonia"]
[Date "2022.12.11"]
[Round "2.2"]
[White "Blokhin, Sofia"]
[Black "Ivanova, Lidia"]
[Result "1-0"]
[TimeControl "90 minutes for first 40 moves and 15 min. for the rest of the game with 30 sec. increment from move 1"]
[WhiteTitle "WFM"]
[WhiteFideId "4508190"]
[BlackFideId "4506480"]
[WhiteElo "2065"]
[BlackElo "1482"]

1. d4 Nf6 2. c4 g6 3. Nc3 d5 4. e3 Bg7 5. Nf3 O-O 6. Bd3 c5 7. cxd5 cxd4 8. Nxd4 Nxd5 9. Ndb5 Nxc3 10. Nxc3 Bxc3+ 11. bxc3 Qa5 12. Qc2 Rd8 13. O-O Nc6 14. f4 e6 15. Re1 Qd5 16. Bf1 Qc5 17. a3 e5 18. Kh1 exf4 19. e4 Be6 20. Bxf4 Rac8 21. Rab1 Rd7 22. a4 Ne5 23. Rb5 Qa3 24. Bxe5 Rcd8 25. Qf2 f5 26. exf5 Bxf5 27. Bc4+ Kf8 28. Qh4 1-0

[Event "Estonian Women's Chess Championship 2022"]
[Site "Tallinn, Paul Keres Chess House, Estonia"]
[Date "2022.12.12"]
[Round "3.1"]
[White "Sinitsina, Anastassia"]
[Black "Blokhin, Sofia"]
[Result "1/2-1/2"]
[TimeControl "90 minutes for first 40 moves and 15 min. for the rest of the game with 30 sec. increment from move 1"]
[WhiteTitle "WFM"]
[BlackTitle "WFM"]
[WhiteFideId "4504640"]
[BlackFideId "4508190"]
[WhiteElo "2175"]
[BlackElo "2065"]

1. e4 c5 2. Nf3 e6 3. d4 cxd4 4. Nxd4 a6 5. Bd3 Nf6 6. O-O d6 7. c4 Be7 8. Nc3 O-O 9. Be3 Bd7 10. Qe2 Qc7 11. Rac1 Nc6 12. f4 Rac8 13. Nxc6 Bxc6 14. Nd5 exd5 15. cxd5 Qa5 16. dxc6 Rxc6 17. Rxc6 bxc6 18. Rc1 c5 19. e5 dxe5 20. fxe5 c4 21. Bxc4 Qxe5 22. Bf2 Qg5 23. Be3 Qe5 24. Bf2 Qg5 25. Be3 1/2-1/2

[Event "Estonian Women's Chess Championship 2022"]
[Site "Tallinn, Paul Keres Chess House, Estonia"]
[Date "2022.12.12"]
[Round "3.2"]
[White "Levchenko, Marina"]
[Black "Haapsal, Maria Ioanna"]
[Result "1-0"]
[TimeControl "90 minutes for first 40 moves and 15 min. for the rest of the game with 30 sec. increment from move 1"]
[WhiteFideId "4508548"]
[BlackFideId "4512286"]
[WhiteElo "1625"]
[BlackElo "1386"]

1. d4 Nf6 2. c4 g6 3. Nc3 Bg7 4. e4 d6 5. Be2 O-O 6. Nf3 Na6 7. O-O e5 8. d5 Nc5 9. Qc2 a5 10. Bg5 h6 11. Be3 Nh7 12. Nd2 f5 13. f3 b6 14. a3 g5 15. b4 Nb7 16. exf5 Bxf5 17. Bd3 Qd7 18. Nce4 Bxe4 19. Nxe4 Nf6 20. Rfd1 Nxe4 21. Bxe4 Qe7 22. Rac1 axb4 23. axb4 Ra3 24. Rd3 Rfa8 25. Rxa3 Rxa3 26. Bf2 Bf8 27. Bf5 Bg7 28. Bc8 Nd8 29. c5 bxc5 30. bxc5 Ra8 31. Bf5 Nf7 32. c6 Qd8 33. Be6 Qf6 34. Rb1 Re8 35. Rb7 Re7 36. Bd7 e4 37. fxe4 Qa1+ 38. Rb1 Qa5 39. Bb6 cxb6 40. c7 Rxd7 41. c8=Q+ Rd8 42. Qe6 b5 43. Qf2 Rf8 44. Qff5 g4 45. Qxg4 Qb6+ 46. Kh1 Qd4 47. h4 Kh8 48. Rf1 Kg8 49. Qgg6 Qe5 50. Rxf7 1-0

[Event "Estonian Women's Chess Championship 2022"]
[Site "Tallinn, Paul Keres Chess House, Estonia"]
[Date "2022.12.13"]
[Round "4.1"]
[White "Blokhin, Sofia"]
[Black "Levchenko, Marina"]
[Result "0-1"]
[TimeControl "90 minutes for first 40 moves and 15 min. for the rest of the game with 30 sec. increment from move 1"]
[WhiteTitle "WFM"]
[WhiteFideId "4508190"]
[BlackFideId "4508548"]
[WhiteElo "2065"]
[BlackElo "1625"]

1. d4 d5 2. c4 e6 3. Nc3 Be7 4. cxd5 exd5 5. Bf4 c6 6. e3 Bf5 7. g4 Be6 8. Bd3 h5 9. gxh5 Nd7 10. Be2 Ndf6 11. h3 Bd6 12. Bg5 Qd7 13. h6 gxh6 14. Bh4 O-O-O 15. Qa4 Kb8 16. b4 Re8 17. b5 c5 18. dxc5 Bxc5 19. Bxf6 Nxf6 20. Qf4+ Qc7 21. Qxc7+ Kxc7 22. a3 Bb6 23. Kf1 d4 24. exd4 Bxd4 25. Rc1 Kb8 26. Bf3 Rc8 27. Nge2 Bc4 28. Ke1 Rhe8 29. Nd1 Bxb5 30. Rxc8+ Kxc8 31. Kd2 Ne4+ 32. Bxe4 Rxe4 33. Nxd4 Rxd4+ 34. Kc2 Ba4+ 35. Kc1 Rxd1+ 36. Rxd1 Bxd1 37. Kxd1 Kd7 38. Ke2 Ke6 39. a4 b6 40. Kd3 Kd5 41. f3 a6 42. h4 b5 43. axb5 axb5 44. h5 Ke5 45. Ke3 b4 46. Kd3 Kf4 0-1